 Dungeon Crawl Stone Soup version 0.18.1-6-gd335043 (webtiles) character file.

1367 mistymad the Fighter (level 8, 0/75 HPs)
             Began as a Minotaur Berserker on May 16, 2016.
             Was a Priest of Trog.
             Slain by Duvessa
             ... wielding a +2 short sword of draining
              (4 damage)
             ... on level 6 of the Dungeon.
             The game lasted 00:18:07 (4311 turns).

mistymad the Fighter (Minotaur Berserker)           Turns: 4311, Time: 00:18:07

Health: 0/75       AC:  7    Str: 23    XL:     8   Next: 38%
Magic:  7/7        EV: 11    Int:  4    God:    Trog [***...]
Gold:   432        SH:  0    Dex: 11    Spells: 0 memorised, 7 levels left

rFire  . . .     SeeInvis .     a - +0 hand axe
rCold  . . .     Gourm    .     k - +3 leather armour
rNeg   . . .     Faith    .     (no shield)
rPois  .         Spirit   .     (helmet restricted)
rElec  .         Dismiss  .     y - +0 cloak
rCorr  .         Reflect  .     (no gloves)
SustAt .         Harm     .     (no boots)
MR     ++...                    (no amulet)
Stlth  +.........               p - ring of flight
                                (no ring)

@: regenerating, very heavily drained, very resistant to hostile enchantments,
very unstealthy
A: retaliatory headbutt, horns 2
a: Berserk, Trog's Hand, Burn Spellbooks, Renounce Religion, Evoke Flight


You were on level 6 of the Dungeon.
You worshipped Trog.
Trog was most pleased with you.
You were very hungry.

You visited 2 branches of the dungeon, and saw 7 of its levels.

You collected 432 gold pieces.

Inventory:

Hand Weapons
 a - a +0 hand axe (weapon)
Armour
 g - a +0 shield
 k - a +3 leather armour (worn)
 y - a +0 cloak (worn)
Jewellery
 p - a ring of flight (right hand)
Wands
 x - a wand of teleportation (9/9)
 F - a wand of paralysis (9/24)
Scrolls
 e - 3 scrolls of recharging
 h - a scroll of enchant weapon {unknown}
 i - 4 scrolls of identify {unknown}
 m - 3 scrolls of fear {unknown}
 n - a scroll of remove curse
 r - a scroll of noise {unknown}
 t - a scroll of fog {unknown}
 v - 2 scrolls of teleportation {unknown}
 w - a scroll of blinking {unknown}
 z - a scroll of enchant armour {unknown}
 C - a scroll of immolation {unknown}
Potions
 b - 2 potions of heal wounds {unknown}
 d - 2 potions of curing {unknown}
 j - 2 potions of might {unknown}
 l - a potion of cure mutation {unknown}
 q - a potion of agility {unknown}
 s - 2 potions of degeneration {unknown}
 A - a potion of brilliance {unknown}
 D - a potion of haste {unknown}
 E - a potion of invisibility {unknown}
Books
 B - a book of Alchemy

   Spells                             Type                      Level
   a - Sublimation of Blood           Necromancy                   2
   b - Ignite Poison                  Fire/Transmutation/Poison    3
   c - Petrify                        Transmutation/Earth          4
   d - Alistair's Intoxication        Transmutation/Poison         5
   e - Irradiate                      Conjuration/Transmutation    5
   Trog disapproves of the use of such an item.
Comestibles
 c - 7 bread rations
 f - a meat ration
 o - 2 beef jerkies
 u - 4 fruits


   Skills:
 * Level 8.6(2.9) Fighting
 + Level 6.5(1.1) Axes
 + Level 6.0(0.7) Armour
 + Level 5.4(0.2) Dodging


You had 7 spell levels left.
You didn't know any spells.

Dungeon Overview and Level Annotations

Branches:
Dungeon (6/15)             Temple (1/1) D:5

Altars:
Ashenzari
Cheibriados
Dithmenos
Fedhas
Makhleb
Okawaru
Pakellas
Qazlal
Sif Muna
Vehumet
Zin
The Shining One
Beogh

Annotations:
D:6 Dowan, Duvessa


Innate Abilities, Weirdness & Mutations

You reflexively headbutt those who attack you in melee.
You have a pair of horns on your head.


Message History

* * * LOW HITPOINT WARNING * * *
You feel drained.
* * * LOW HITPOINT WARNING * * *
You barely miss Duvessa.
Duvessa is severely wounded.
Duvessa hits you with a short sword of draining!
* * * LOW HITPOINT WARNING * * *
You feel drained.
* * * LOW HITPOINT WARNING * * *
Duvessa hits you but does no damage.
You feel drained.
Dowan says, "Magic and the sword, together, will defeat you."
There is an open door here.
Duvessa barely misses you. You furiously retaliate!
You headbutt Duvessa, but do no damage.
Dowan gestures wildly while chanting.
Dowan blinks!
Duvessa barely misses you.
Duvessa hits you with a short sword of draining!
* * * LOW HITPOINT WARNING * * *
You feel drained.
You die...

........#...####)####..
........#...............
........#....#....#.....
........#'####....# ....
.............#....# ...
# #...........###### ..
.. #.....e.....# .
..#######e....#
......#@....#
########....#.....#
#......#....#.....#
#......'....#.....######
#......#....'.....#....#
#......#....#.....#....#
#......######.....#....#
#.(....# #.....#....#
#......# #.....#....#


You could see Duvessa and Dowan.

Vanquished Creatures
  Pikel (D:4)
  A sky beast (D:5)
  2 slaves (D:4)
  2 iguanas
  An ogre (D:4)
  A phantom (D:5)
  A scorpion (D:5)
  A vampire bat (D:5)
  A crimson imp (D:4)
  4 orc priests
  Crazy Yiuf (D:4)
  A giant frog skeleton (D:5)
  Natasha (thrice) (D:4)
  A hound skeleton (D:5)
  6 adders
  3 gnolls (D:3)
  2 adder zombies (D:5)
  An adder skeleton (D:5)
  2 worms (D:2)
  3 dart slugs
  3 giant geckos
  11 orcs
  2 ball pythons
  6 giant cockroaches
  9 goblins
  4 hobgoblins
  2 jackals (D:3)
  4 quokkas
  14 bats
  A giant gecko skeleton (D:4)
  3 giant newts
  5 kobolds
  7 rats
109 creatures vanquished.

Vanquished Creatures (others)
  A slave (D:4)
  2 worker ants (D:4)
  A ball python (D:4)
4 creatures vanquished.

Grand Total: 113 creatures vanquished

Notes
Turn   | Place    | Note
--------------------------------------------------------------
     0 | D:1      | mistymad the Minotaur Berserker began the quest for the Orb.
     0 | D:1      | Reached XP level 1. HP: 19/19 MP: 0/0
   178 | D:1      | Reached XP level 2. HP: 27/27 MP: 1/1
   428 | D:1      | Reached skill level 4 in Fighting
   649 | D:2      | Reached ** piety under Trog
   649 | D:2      | Reached XP level 3. HP: 33/33 MP: 2/2
  1051 | D:2      | Found a burning altar of Makhleb.
  1409 | D:3      | Reached XP level 4. HP: 41/41 MP: 3/3
  1678 | D:3      | Reached skill level 5 in Fighting
  1830 | D:3      | Reached *** piety under Trog
  1830 | D:3      | Reached XP level 5. HP: 45/48 MP: 4/4
  1873 | D:3      | Found an oddly glowing altar of Pakellas.
  2139 | D:3      | Found a shadowy altar of Dithmenos.
  2150 | D:3      | Found a faded altar to an unknown god.
  2380 | D:4      | Noticed Natasha
  2384 | D:4      | Killed Natasha
  2408 | D:4      | Noticed a slave
  2409 | D:4      | Noticed Pikel
  2409 | D:4      | Noticed a slave
  2410 | D:4      | Noticed a slave
  2417 | D:4      | Killed a slave
  2421 | D:4      | Killed a slave
  2425 | D:4      | Killed Pikel
  2425 | D:4      | Reached skill level 7 in Fighting
  2425 | D:4      | Reached skill level 5 in Axes
  2425 | D:4      | Reached XP level 6. HP: 27/60 MP: 5/5
  2425 | D:4      | Reached XP level 7. HP: 30/66 MP: 6/6
  2608 | D:4      | Reached skill level 5 in Armour
  2694 | D:4      | Noticed Crazy Yiuf
  2700 | D:4      | Killed Crazy Yiuf
  3043 | D:4      | Found a roughly hewn altar of Beogh.
  3043 | D:4      | Noticed Natasha
  3056 | D:4      | Killed Natasha
  3170 | D:4      | Noticed Natasha
  3174 | D:4      | Killed Natasha
  3299 | D:5      | Entered Level 5 of the Dungeon
  3376 | D:5      | Reached XP level 8. HP: 66/74 MP: 7/7
  3392 | D:5      | Found a staircase to the Ecumenical Temple.
  3396 | Temple   | Entered the Ecumenical Temple
  3515 | D:5      | Reached skill level 8 in Fighting
  3515 | D:5      | Reached skill level 5 in Dodging
  3834 | D:5      | Found a burning altar of Makhleb.
  3874 | D:5      | Found a stormy altar of Qazlal.
  4001 | D:5      | Found an oddly glowing altar of Pakellas.
  4262 | D:6      | Found a snail-covered altar of Cheibriados.
  4273 | D:6      | Noticed Dowan
  4275 | D:6      | Noticed Duvessa
  4311 | D:6      | Slain by Duvessa

Skill      XL: |  1  2  3  4  5  6  7  8 |
---------------+-------------------------+-----
Axes           | 4 5 6 |  6.5
Fighting       | 4 5 7 8 |  8.6
Armour         | 3 4 5 6 |  6.0
Dodging        | 3 4 5 |  5.4

Action                   |  1- 3 |  4- 6 |  7- 9 || total
-------------------------+-------+-------+-------++-------
Melee: Hand axe          |    89 |    69 |   119 ||   277
       Headbutt          |    13 |     9 |    33 ||    55
Invok: Trog's Hand       |       |     1 |     3 ||     4
       Berserk           |       |     1 |     2 ||     3
  Use: Scroll            |       |     1 |     1 ||     2
  Eat: Chunk             |     1 |     4 |     8 ||    13
Armor: Animal skin       |     9 |       |       ||     9
       Scale mail        |    20 |       |       ||    20
       Leather armour    |     3 |    19 |    30 ||    52
Dodge: Dodged            |    55 |    45 |    79 ||   179
